 Dungeon Crawl Stone Soup version 0.31.0-1-g2c135a0 (webtiles) character file.

Game seed: 18399062956016495068

281564 hungryneko the Bludgeoner (level 20, -44/142 HPs)
             Began as a Gargoyle Fighter on Jan 27, 2024.
             Was an Elder of Okawaru.
             Annihilated by a vault warden
             ... wielding a +2 battleaxe of flaming
              (50 damage)
             ... on level 2 of the Vaults.
             The game lasted 02:54:35 (39314 turns).

hungryneko the Bludgeoner (Gargoyle Fighter)       Turns: 39314, Time: 02:54:37

Health: -44/142    AC: 14    Str: 26    XL:     20   Next: 91%
Magic:  18/25      EV: 26    Int: 12    God:    Okawaru [****..]
Gold:   2810       SH:  7    Dex:  2    Spells: 19/19 levels left

rFire   + + .        t - melded +7 morningstar (drain)
rCold   + . .        h - melded +2 tower shield {rC+}
rNeg    + + +        b - melded +10 plate armour of the Thistle {rF+ Int+4 Dex+2}
rPois   ∞            f - melded +3 helmet "Pyfroh Lecu" {^Drain rC+++ Dex+3 Stlth+}
rElec   .            I - melded +2 cloak
rCorr   +            x - melded +0 pair of gloves
SInv    .            k - melded +2 pair of boots {Fly}
Will    +....        m - amulet "Laawk" {Reflect rF++ rCorr Dex-5 SH+5 Stlth+}
Stlth   ++           O - ring of the Ten Brambles {rPois EV+5 Slay+2}
HPRegen 0.43/turn    X - ring of the Octopus King {rC+ HP+2 AC+2 EV+2 SH+2}
MPRegen 0.19/turn

%: reflection
@: about to teleport, fungus-form, heroic, finesse-ful, glowing, studying
Translocations
A: melee confuse, terrified, no casting, sickness immunity, AC +15, tiny, (big
wings), negative energy resistance 1, (electricity resistance), torment
resistance 1, petrification resistance, clumsy 1, inability to drink after
injury 1
}: 1/15 runes: barnacled
a: Renounce Religion, Heroism, Finesse


You were on level 2 of the Vaults.
You worshipped Okawaru.
Okawaru was greatly pleased with you.
You were a sentient fungus.
You visited 7 branches of the dungeon, and saw 32 of its levels.
You visited the Abyss 2 times.
You also visited: Desolation.

You collected 4469 gold pieces.
You spent 1659 gold pieces at shops.

Inventory:

Hand Weapons
 a - a +9 eveningstar of holy wrath
 t - a +7 morningstar of draining (melded)
Missiles
 L - 5 throwing nets
 R - 8 darts of dispersal
 W - 24 javelins
Armour
 b - the +10 plate armour of the Thistle (melded) {rF+ Int+4 Dex+2}
   (You bought it in a shop on level 2 of the Orcish Mines)

   Int+4:     It affects your intelligence (+4).
   Dex+2:     It affects your dexterity (+2).
   rF+:       It protects you from fire.
 f - the +3 helmet "Pyfroh Lecu" (melded) {^Drain rC+++ Dex+3 Stlth+}
   (Okawaru gifted it to you on level 11 of the Dungeon)

   Dex+3:     It affects your dexterity (+3).
   rC+++:     It renders you almost immune to cold.
   ^Drain:    It drains your maximum health when unequipped.
   Stlth+:    It makes you more stealthy.
 h - a +2 tower shield of cold resistance (melded)
 k - a +2 pair of boots of flying (melded)
 x - a +0 pair of gloves (melded)
 I - a +2 cloak (melded)
Jewellery
 c - a ring of resist corrosion
 e - a ring of positive energy
 m - the amulet "Laawk" (around neck) {Reflect rF++ rCorr Dex-5 SH+5 Stlth+}
   (You found it on level 2 of the Dungeon)

   [amulet of reflection]

   Reflect:   It reflects blocked missile attacks.
   Dex-5:     It affects your dexterity (-5).
   rF++:      It greatly protects you from fire.
   rCorr:     It protects you from acid and corrosion.
   SH+5:      It affects your SH (+5).
   Stlth+:    It makes you more stealthy.
 K - a +6 ring of strength
 O - the ring of the Ten Brambles (left hypha) {rPois EV+5 Slay+2}
   (You took it off a deep elf demonologist on level 3 of the Elven Halls)

   [ring of evasion]

   EV+5:      It affects your evasion (+5).
   Slay+2:    It affects your accuracy & damage with ranged weapons and melee
   (+2).
   rPois:     It protects you from poison
 X - a ring of the Octopus King (right hypha) {rC+ HP+2 AC+2 EV+2 SH+2}
   (You found it on level 12 of the Dungeon)

   [ring of protection from cold]

   AC+2:      It affects your AC (+2).
   EV+2:      It affects your evasion (+2).
   rC+:       It protects you from cold.
   HP+2:      It affects your health (+2).
   SH+2:      It affects your SH (+2).
Wands
 y - a wand of paralysis (3)
 D - a wand of digging (11)
 G - a wand of polymorph (13)
 N - a wand of mindburst (31)
 P - a wand of iceblast (22)
 T - a wand of flame (21)
 U - a wand of quicksilver (26)
Scrolls
 g - 6 scrolls of immolation
 i - a scroll of fear
 j - 5 scrolls of teleportation
 l - 3 scrolls of brand weapon
 n - 5 scrolls of poison
 q - 8 scrolls of enchant armour
 v - 2 scrolls of torment
 w - a scroll of blinking
 z - 4 scrolls of revelation
 H - 4 scrolls of fog
 J - a scroll of butterflies
 Q - 5 scrolls of amnesia
 S - 13 scrolls of identify
Potions
 d - 3 potions of might
 o - 4 potions of attraction
 p - 2 potions of berserk rage
 r - a potion of haste
 s - a potion of heal wounds
 u - 6 potions of curing
 E - 4 potions of enlightenment
 F - 5 potions of resistance
 M - 3 potions of invisibility
 V - 5 potions of lignification


   Skills:
 - Level 20.0(25.0) Fighting
 - Level 20.0(25.0) Maces & Flails
 + Level 19.5(24.5) Armour
 * Level 8.2(13.2) Dodging
 - Level 17.3(22.3) Shields
 - Level 7.5 Invocations


You had 19 spell levels left.
You didn't know any spells.
Your spell library contained the following spells:

 Spells                   Type           Power      Damage    Failure   Level
 Apportation              Tloc           0%         N/A       32%         1
 Kiss of Death            Conj/Necr      0%         2d5       32%         1
 Magic Dart               Conj           0%         1d3       32%         1
 Necrotise                Necr           0%         1d4       32%         1
 Shock                    Conj/Air       0%         1d3       32%         1
 Sting                    Conj/Alch      0%         1d3       32%         1
 Jinxbite                 Hex            0%         N/A       45%         2
 Lesser Beckoning         Tloc           0%         N/A       45%         2
 Momentum Strike          Conj/Tloc      0%         3d8       45%         2
 Scorch                   Fire           0%         2d5       45%         2
 Searing Ray              Conj           0%         2d4       45%         2
 Static Discharge         Conj/Air       0%         3-3/arc   45%         2
 Confusing Touch          Hex            0%         N/A       69%         3
 Dazzling Flash           Conj/Hex       0%         N/A       69%         3
 Fugue of the Fallen      Necr           0%         N/A       69%         3
 Gell's Gravitas          Tloc           0%         N/A       69%         3
 Inner Flame              Hex/Fire       0%         N/A       69%         3
 Ozocubu's Armour         Ice            0%         N/A       69%         3
 Sigil of Binding         Hex            0%         N/A       69%         3
 Swiftness                Air            0%         N/A       69%         3
 Teleport Other           Tloc           0%         N/A       69%         3
 Vampiric Draining        Necr           0%         2d6       69%         3
 Volatile Blastmotes      Fire/Tloc      0%         2d10      69%         3
 Airstrike                Air            0%         2d(0-16)  97%         4
 Anguish                  Hex/Necr       0%         N/A       97%         4
 Brom's Barrelling Bould  Conj/Erth      0%         2d3       97%         4
 Cause Fear               Hex            0%         N/A       97%         4
 Dimensional Bullseye     Hex/Tloc       0%         N/A       97%         4
 Dispel Undead            Necr           0%         3d6       97%         4
 Flame Wave               Conj/Fire      0%         2d4       97%         4
 Fulminant Prism          Conj/Alch      0%         3d5       97%         4
 Ignite Poison            Fire/Alch      0%         N/A       97%         4
 Iskenderun's Mystic Bla  Conj/Tloc      0%         2d3       97%         4
 Manifold Assault         Tloc           0%         N/A       97%         4
 Olgreb's Toxic Radiance  Alch           0%         N/A       97%         4
 Alistair's Intoxication  Alch           0%         N/A       100%        5
 Arcjolt                  Conj/Air       0%         1d10      100%        5
 Curse of Agony           Necr           0%         N/A       100%        5
 Lee's Rapid Deconstruct  Erth           0%         3d4*      100%        5
 Starburst                Conj/Fire      0%         6d3       100%        6
 Enfeeble                 Hex            0%         N/A       100%        7
 Ozocubu's Refrigeration  Ice            0%         4d7       100%        7
 Discord                  Hex            0%         N/A       100%        8
 Maxwell's Capacitive Co  Air            0%         ∞         100%        8
 Chain Lightning          Conj/Air       0%         N/A       100%        9
 Summon Small Mammal      Summ           Unusable   N/A       N/A         1
 Call Canine Familiar     Summ           Unusable   N/A       N/A         3
 Summon Ice Beast         Ice/Summ       Unusable   N/A       N/A         3
 Animate Armour           Summ/Erth      Unusable   N/A       N/A         4
 Martyr's Knell           Necr/Summ      Unusable   N/A       N/A         4
 Summon Blazeheart Golem  Fire/Summ      Unusable   N/A       N/A         4
 Summon Lightning Spire   Summ/Air       Unusable   N/A       N/A         4

Dungeon Overview and Level Annotations

Branches:
Dungeon (15/15)            Temple (1/1) D:5            Lair (5/5) D:8
 Shoals (4/4) Lair:2       Spider (0/4) Lair:3        Slime (0/5) Lair:5
    Orc (2/2) D:12            Elf (3/3) Orc:2        Vaults (2/5) D:13
  Crypt (0/3) Vaults:2     Depths (0/4) D:15        Desolation (visited)

Altars:
Ashenzari
Cheibriados
Dithmenos
Elyvilon
Fedhas
Gozag
Hepliaklqana
Kikubaaqudgha
Makhleb
Nemelex Xobeh
Okawaru
Qazlal
Ru
Sif Muna
Trog
Uskayaw
Vehumet
Wu Jian
Xom
Yredelemnul
Zin
The Shining One

Shops:
D:12 ([   D:15 :   Orc:2 ([==*   Elf:1 *   Elf:2 [   Elf:3 !(   Shoals:2 !
Vaults:1 !

Annotations:
Vaults:2 Mennas


Innate Abilities, Weirdness & Mutations

You are a sentient fungus.
You are tiny and evasive.
Your melee attack releases spores that confuse breathing creatures.
You become terrified and freeze when enemies are visible.
Your armour is entirely melded.
You are incapable of wielding weapons or throwing items.
You cannot cast spells.
You are immune to sickness and miasma.
((Your stone body is resilient. (AC +15)))
You are immune to poison.
((Your large and strong wings let you fly.))
You resist negative energy. (rN+)
((You are resistant to electric shocks. (rElec)))
You are resistant to unholy torment.
You are immune to petrification.
You are clumsy. (Dex -2)
You occasionally lose the ability to drink potions when taking damage.


Message History

Your +2 cloak melds into your body.
The +3 helmet "Pyfroh Lecu" {^Drain rC+++ Dex+3 Stlth+} melds into your body.
Your +0 pair of gloves melds into your body.
Your +2 pair of boots of flying melds into your body.
Your +2 tower shield of cold resistance melds into your body.
The +10 plate armour of the Thistle {rF+ Int+4 Dex+2} melds into your body.
You feel less resistant to cold.
The ironbound preserver casts a spell.
The ironbound preserver begins to accept its allies' injuries.
The vault warden hits you with a +2 battleaxe of flaming!!
The vault warden burns you.
* * * LOW HITPOINT WARNING * * *
The ogre mage barely misses you.
Okay, then.
You feel much better.
Mennas hits you with a +0 sacred scourge of holy wrath!!
Mennas misses you.
The ironbound convoker casts a spell at the yaktaur.
The yaktaur seems to grow stronger.
The great orb of eyes gazes at you. You resist with some effort.
The vault warden completely misses you.
Electricity crackles from the ironbound thunderhulk's apparatus.
The bolt of lightning misses you.
Mennas hits you with a +0 sacred scourge of holy wrath!
* * * LOW HITPOINT WARNING * * *
Mennas hits you with a +0 sacred scourge of holy wrath!
* * * LOW HITPOINT WARNING * * *
As you read the scroll of teleportation, it crumbles to dust.
You feel strangely unstable.
The ironbound convoker completely misses you.
Mennas closely misses you.
Mennas hits you with a +0 sacred scourge of holy wrath!
* * * LOW HITPOINT WARNING * * *
The great orb of eyes gazes at you. You resist with some effort.
Strange energies crackle from the ironbound thunderhulk's apparatus.
The ironbound thunderhulk blinks!
The ogre mage hits you with a +0 whip!
* * * LOW HITPOINT WARNING * * *
The vault warden hits you with a +2 battleaxe of flaming!!!
You die...

...........#..
...........#..
...........#..######+####
.....<.....#............#
...........#............#
....(......#....k........
...........#..kcpTT...O..
.#.....#...#..TppGG......
##...##...#.TpOfAc§.....
#...#....#..p##########
#.#.#....#...#
#...##...#...#
.....#.###...#
#..>..#.......# #.......#
#.......# #........#


You could see Mennas (sheltered), an ironbound preserver, a vault warden
(strong, sheltered, drained), an ironbound thunderhulk (sheltered), 2 great orbs
of eyes, an ogre mage (strong, invisible, sheltered), 4 deep trolls, 2 vault
sentinels, 2 lindwurms, an ironbound convoker (sheltered) and 2 yaktaurs.

Vanquished Creatures
  A bone dragon (Vaults:2)
  Jorgrun (Shoals:3)
  The ghost of Weskiaklu the Warrior, an adept MiFi of Okawaru (Elf:1)
  3 deep elf blademasters
  3 tentacled starspawn
  Kirke (D:12)
  A deep elf master archer (Elf:3)
  A sphinx (Vaults:1)
  Roxanne (D:15)
  Ilsuiw (Shoals:3)
  A vault warden (Vaults:1)
  11 deep elf sorcerers
  An imperial myrmidon (Desolation)
  3 deep elf elementalists (Elf:3)
  2 orc warlords
  2 ironbound preservers
  3 very ugly things (Abyss:2)
  The ghost of Ytheofip the Cleaver, a journeyman FoFi of Okawaru (D:14)
  Nessos (D:15)
  5 deep elf demonologists (Elf:3)
  4 ironbound thunderhulks (Vaults:1)
  A red draconian (Abyss:2)
  3 deep elf annihilators
  2 deep elf death magi (Elf:3)
  A black draconian (Abyss:4)
  Azrael (D:14)
  2 halazid warlocks (Desolation)
  10 dire elephants (Vaults:1)
  Josephine (D:14)
  5 merfolk impalers
  2 crystal guardians (Desolation)
  6 merfolk javelineers
  A yaktaur captain (Vaults:1)
  4 ragged hierophants (Desolation)
  4 deep elf high priests
  7 servants of whispers (Desolation)
  An entropy weaver (shapeshifter) (Elf:1)
  2 rakshasas
  A fire dragon (D:15)
  6 hydras
  3 great orbs of eyes
  A vault guard (Vaults:1)
  5 peacekeepers
  Harold (D:9)
  3 catoblepae (Lair:5)
  4 merfolk avatars (Shoals:4)
  2 ogre magi (D:15)
  7 boulder beetles
  2 alligator snapping turtles
  Erica (D:10)
  7 merfolk aquamancers
  4 centaur warriors
  11 two-headed ogres
  3 hell hogs (Abyss:4)
  A sphinx skeleton (D:15)
  41 dancing weapons
  A vampire mage (D:15)
  14 death yaks
  2 tengu warriors (D:15)
  3 thrashing horrors (Abyss:2)
  5 orc high priests
  17 deep elf knights
  7 skysharks
  3 wretched stars (Abyss:2)
  A pharaoh ant (Lair:3)
  A shadow wraith (Abyss:4)
  6 sea snakes
  A sixfirhy (Abyss:2)
  8 skeletal warriors
  Lodul (D:12)
  20 deep elf archers
  A glowing orange brain (Abyss:2)
  3 deep trolls (Vaults:1)
  An obsidian statue (Elf:1)
  A kraken simulacrum (Shoals:4)
  2 lindwurms (Vaults:1)
  8 ironbound convokers
  13 harpies
  28 deep elf pyromancers
  6 orc knights
  6 large abominations
  6 starcursed masses (Abyss:4)
  20 deep elf zephyrmancers
  2 necromancers
  An oklob plant (Lair:3)
  4 orc sorcerers
  A worldbinder (Abyss:4)
  8 fauns
  19 manticores
  6 cyclopes
  16 elephants
  9 merfolk sirens
  5 black mambas
  An apocalypse crab (Abyss:2)
  A black mamba (shapeshifter) (D:14)
  5 water nymphs
  A water nymph (shapeshifter) (D:13)
  10 centaur zombies (D:11)
  3 guardian serpents (Desolation)
  5 kobold blastminers
  A rust devil (D:12)
  3 vault sentinels (Vaults:1)
  4 smoke demons
  6 molten gargoyles
  3 orange demons
  A torpor snail (Lair:5)
  11 cane toads
  Jeremiah (Lair:1)
  Maggie (D:7)
  A yaktaur (D:15)
  An unseen horror (D:12)
  An efreet (Abyss:2)
  2 rime drakes (Lair:2)
  A freezing wraith (D:15)
  11 komodo dragons
  A red devil (D:12)
  An ancient zyme (Abyss:2)
  8 trolls
  2 polar bears
  31 merfolk
  41 saltlings
  A tarantella (Lair:3)
  3 wind drakes
  42 blink frogs
  3 hornets
  5 snapping turtles
  8 dream sheep
  A spriggan zombie (D:15)
  9 slime creatures (D:12)
  An air elemental (Elf:1)
  6 shadows
  A yak (shapeshifter) (D:13)
  14 water elementals
  18 wraiths
  6 vampires (D:11)
  2 ynoxinuls
  2 hogs (D:12)
  7 basilisks
  64 yaks
  4 wyverns
  A human (D:12)
  2 fire bats (Abyss:2)
  10 fire elementals
  A redback (Lair:3)
  4 steam dragons
  2 wargs (Orc:1)
  Grum (Lair:1)
  22 vampire mosquitoes
  Menkaure (D:6)
  A neqoxec (Abyss:2)
  2 hell hounds (D:14)
  2 acid dragons
  7 water moccasins
  A swamp worm (shapeshifter) (Elf:2)
  18 orc warriors
  2 ice beasts
  3 sky beasts (D:7)
  A black bear (shapeshifter) (Elf:3)
  2 black bears
  6 small abominations (Abyss:2)
  12 laughing skulls
  11 centaurs
  18 wolves
  13 ogres
  2 phantoms
  2 kobold brigands (D:6)
  13 bullfrogs
  2 gnoll sergeants
  A brain worm (shapeshifter) (D:14)
  A brain worm (Abyss:2)
  3 scorpions
  9 killer bees
  6 howler monkeys
  7 electric eels
  A crimson imp (Abyss:2)
  A bombardier beetle (D:6)
  2 quasits (D:12)
  A lava snake (D:12)
  7 orc priests
  6 hounds
  2 gnoll boudas
  3 iguanas
  3 iron imps
  Jessica (D:2)
  Terence (D:2)
  8 orc wizards
  Robin (D:2)
  19 gnolls
  6 adders
  3 shadow imps
  3 white imps
  8 ufetubi
  2 dart slugs
  3 ribbon worms (D:2)
  37 orcs
  6 ball pythons
  8 bats
  3 endoplasms
  3 giant cockroaches
  16 goblins
  9 hobgoblins
  19 kobolds
  2 quokkas
  4 rats
  A lurking horror (Abyss:4)
  A tentacle (Shoals:4)
1194 creatures vanquished.

Vanquished Creatures (others)
  A merfolk aquamancer (Shoals:3)
  A deep elf knight (Elf:1)
  A sea snake (Shoals:4)
  2 deep elf pyromancers
  A saltling (Desolation)
  An orc (Orc:2)
  A lurking horror (Abyss:4)
  8 starspawn tentacles
  4 tentacles (Shoals:4)
20 creatures vanquished.

Grand Total: 1214 creatures vanquished

Notes
Turn   | Place    | Note
-------+----------+-------------------------------------------
     0 | D:1      | hungryneko the Gargoyle Fighter began the quest for the
                  | Orb.
     0 | D:1      | Reached XP level 1. HP: 14/14 MP: 1/1
   111 | D:1      | Reached XP level 2. HP: 19/19 MP: 2/2
   498 | D:2      | Noticed Robin
   507 | D:2      | Reached XP level 3. HP: 19/23 MP: 3/3
   525 | D:2      | Killed Robin
   558 | D:2      | Identified the amulet "Laawk" {Reflect rF++ rCorr Dex-5
                  | SH+5 Stlth+}
   634 | D:2      | Noticed Jessica
   649 | D:2      | Killed Jessica
   650 | D:2      | Reached XP level 4. HP: 23/28 MP: 4/4
   920 | D:2      | Noticed Terence
   928 | D:2      | Killed Terence
  1081 | D:2      | Reached skill level 5 in Maces & Flails
  1083 | D:2      | Reached XP level 5. HP: 32/32 MP: 5/5
  1434 | D:3      | Found a glowing golden altar of the Shining One.
  1509 | D:3      | Found an iron altar of Okawaru.
  1520 | D:3      | Became a worshipper of Warmaster Okawaru
  1827 | D:4      | Noticed a phantom
  1858 | D:3      | Killed a phantom
  1859 | D:3      | Reached XP level 6. HP: 31/37 MP: 6/6
  2153 | D:4      | Found an opulent altar of Gozag.
  2259 | D:4      | Reached * piety under Okawaru
  2260 | D:4      | Reached XP level 7. HP: 17/41 MP: 7/7
  2556 | D:5      | Entered Level 5 of the Dungeon
  2625 | D:5      | Found a staircase to the Ecumenical Temple.
  2630 | Temple   | Entered the Ecumenical Temple
  2734 | D:5      | Reached skill level 1 in Invocations
  3049 | D:5      | Reached XP level 8. HP: 46/46 MP: 9/9
  3274 | D:6      | Reached ** piety under Okawaru
  3447 | D:6      | Found a shadowy altar of Dithmenos.
  3598 | D:6      | Reached skill level 10 in Maces & Flails
  3608 | D:6      | Found a sparkling altar of Nemelex Xobeh.
  3751 | D:6      | Noticed Menkaure
  3773 | D:6      | Killed Menkaure
  4222 | D:7      | Reached XP level 9. HP: 48/51 MP: 11/11
  4524 | D:7      | Noticed Maggie
  4540 | D:7      | Killed Maggie
  4540 | D:7      | Reached *** piety under Okawaru
  4654 | D:7      | Identified the +4 ring mail of Noughts and Crosses {rPois}
  5577 | D:8      | Reached XP level 10. HP: 48/58 MP: 13/13
  5623 | D:8      | Noticed a manticore
  5634 | D:8      | Killed a manticore
  5634 | D:8      | Reached **** piety under Okawaru
  5635 | D:8      | Reached skill level 5 in Fighting
  5920 | D:8      | Found a staircase to the Lair.
  6392 | D:8      | Reached ***** piety under Okawaru
  6678 | D:8      | Found a burning altar of Makhleb.
  6798 | Lair:1   | Entered Level 1 of the Lair of Beasts
  6798 | Lair:1   | Noticed a cane toad
  6799 | Lair:1   | Noticed a death yak
  6801 | Lair:1   | Noticed a death yak
  6808 | D:8      | Killed a cane toad
  6832 | Lair:1   | Noticed a death yak
  6832 | Lair:1   | Noticed a death yak
  7073 | D:9      | Noticed Harold
  7088 | D:9      | Killed Harold
  7089 | D:9      | Reached skill level 5 in Armour
  7278 | D:9      | Reached XP level 11. HP: 68/68 MP: 14/14
  7281 | D:9      | Received a gift from Okawaru
  7294 | D:9      | Identified the +1 chain mail of Spite {rElec}
  7324 | D:9      | Found a stormy altar of Qazlal.
  7896 | D:10     | Entered Level 10 of the Dungeon
  8216 | D:10     | Noticed Erica
  8248 | D:10     | Received a gift from Okawaru
  8260 | D:10     | Killed Erica
  8261 | D:10     | Reached skill level 10 in Fighting
  8261 | D:10     | Reached skill level 5 in Invocations
  8628 | D:10     | Found an ancient bone altar of Kikubaaqudgha.
  9075 | D:11     | Noticed a two-headed ogre
  9085 | D:11     | Killed a two-headed ogre
  9348 | D:11     | Received a gift from Okawaru
  9349 | D:11     | Reached XP level 12. HP: 34/80 MP: 16/16
  9629 | D:11     | Identified the +2 robe "Acraf" {Harm}
 10053 | D:11     | Reached ****** piety under Okawaru
 10160 | D:11     | Acquired the +3 helmet "Pyfroh Lecu" {^Drain rC+++ Dex+3
                  | Stlth+}
 10160 | D:11     | Received a gift from Okawaru
 10214 | D:11     | Acquired a +4 eveningstar of holy wrath
 10214 | D:11     | Received a gift from Okawaru
 10227 | D:11     | Received a gift from Okawaru
 10383 | D:11     | Noticed a two-headed ogre
 10393 | D:11     | Killed a two-headed ogre
 10476 | D:11     | Noticed a boulder beetle
 10498 | D:11     | Killed a boulder beetle
 10522 | D:11     | Identified the +1 chain mail of Eprunun {rF+ Will- Int+6}
 10813 | Lair:1   | Noticed a death yak
 10813 | Lair:1   | Noticed a death yak
 10847 | D:8      | Killed a death yak
 10863 | D:8      | Killed a death yak
 10867 | D:8      | Killed a death yak
 11017 | D:8      | Reached skill level 15 in Maces & Flails
 11017 | D:8      | Reached XP level 13. HP: 85/88 MP: 11/18
 11020 | D:8      | Received a gift from Okawaru
 11151 | Lair:1   | Found the amulet of Elemental Vulnerability {rPois rF--
                  | rC-- AC+8}
 11260 | Lair:1   | Found a sparkling altar of Nemelex Xobeh.
 11484 | Lair:1   | Noticed Jeremiah
 11507 | Lair:1   | Killed Jeremiah
 11743 | Lair:1   | Noticed Grum
 11745 | Lair:1   | Received a gift from Okawaru
 11756 | Lair:1   | Killed Grum
 12735 | Lair:2   | Reached skill level 10 in Armour
 12788 | Lair:2   | Found a staircase to the Shoals.
 12793 | Lair:2   | Reached skill level 5 in Shields
 12796 | Lair:2   | Received a gift from Okawaru
 13507 | Arena    | Entered the Arena
 13551 | Lair:2   | Gained mutation: Your large and strong wings let you fly.
                  | [Gargoyle growth]
 13551 | Lair:2   | Reached XP level 14. HP: 47/94 MP: 9/19
 14136 | D:12     | Found the ring of the Octopus King
 14143 | D:12     | Identified a ring of the Octopus King {rC+ HP+2 AC+2 EV+2
                  | SH+2}
 14327 | D:12     | Received a gift from Okawaru
 14374 | D:12     | Noticed Lodul
 14387 | D:12     | Killed Lodul
 14847 | D:12     | Found Vuucluaj's Armour Boutique.
 14847 | D:12     | Found a staircase to the Orcish Mines.
 14847 | D:12     | Found Xutzitt's Weapon Boutique.
 14915 | D:12     | Noticed Kirke
 14927 | D:12     | Noticed a sphinx
 14927 | D:12     | Killed Kirke
 15277 | Orc:1    | Entered Level 1 of the Orcish Mines
 16042 | Orc:2    | Entered Level 2 of the Orcish Mines
 16086 | Orc:2    | Received a gift from Okawaru
 16350 | Orc:2    | Reached skill level 10 in Shields
 16492 | Orc:2    | Found Cotuod's Antique Armour Shoppe.
 16500 | Orc:2    | Bought a jewelled plate armour for 840 gold pieces
 16500 | Orc:2    | Identified the +10 plate armour of the Thistle {rF+ Int+4
                  | Dex+2} (You bought it in a shop on level 2 of the Orcish
                  | Mines)
 16606 | Orc:2    | Bought a pair of glowing boots for 225 gold pieces
 16666 | Orc:2    | Noticed an orc warlord
 16784 | Orc:1    | Killed an orc warlord
 17191 | Orc:2    | Found a staircase to the Elven Halls.
 17227 | Orc:2    | Found Vamnua Gesti's General Store.
 17384 | Orc:2    | Found Issom's Jewellery Boutique.
 17451 | Orc:2    | Found Gigogg's Jewellery Emporium.
 17683 | Orc:2    | Found Nonul's Antique Weapon Shop.
 17813 | Orc:2    | Bought a +2 cloak for 264 gold pieces
 17836 | Orc:2    | Bought a potion of lignification for 48 gold pieces
 18149 | Lair:3   | Received a gift from Okawaru
 18243 | Lair:3   | Reached XP level 15. HP: 99/99 MP: 20/20
 18713 | Lair:3   | Found a hole to the Spider Nest.
 18824 | Lair:3   | Received a gift from Okawaru
 18833 | Lair:3   | Reached skill level 1 in Dodging
 19630 | Lair:4   | Found a basalt altar of Yredelemnul.
 20013 | Orc:2    | Bought a shiny tower shield for 225 gold pieces
 20566 | Shoals:1 | Entered Level 1 of the Shoals
 20693 | Shoals:1 | Received a gift from Okawaru
 21398 | Shoals:2 | Identified the +7 falchion "Jani" {antimagic, rN++ Will+}
 21527 | Shoals:2 | Found Vehi's Distillery.
 21559 | Shoals:2 | Received a gift from Okawaru
 21755 | Shoals:2 | Reached XP level 16. HP: 106/106 MP: 21/21
 22048 | Shoals:2 | Reached skill level 15 in Shields
 22813 | Shoals:3 | Noticed Ilsuiw
 22917 | Shoals:3 | Killed Ilsuiw
 23068 | Shoals:3 | Noticed Jorgrun
 23091 | Shoals:3 | Killed Jorgrun
 23772 | Lair:5   | Entered Level 5 of the Lair of Beasts
 23785 | Lair:4   | Received a gift from Okawaru
 24098 | Lair:5   | Got the Omnibus of Attacks and Oxidation
 24333 | Lair:5   | Reached skill level 15 in Fighting
 24377 | Lair:5   | Received a gift from Okawaru
 24520 | Lair:5   | Found a staircase to the Slime Pits.
 25199 | Shoals:4 | Entered Level 4 of the Shoals
 25231 | Shoals:4 | Reached XP level 17. HP: 107/113 MP: 22/22
 25280 | Shoals:4 | Received a gift from Okawaru
 25509 | Shoals:4 | Identified the amulet "Edugh" {RegenMP rC+ rCorr Int+5
                  | Dex-4}
 25575 | Shoals:4 | Got a barnacled rune of Zot
 25682 | Shoals:4 | Identified the staff of the Tooth {rF- rC+ Dex+3 Ice}
 26006 | Shoals:4 | Received a gift from Okawaru
 26968 | D:13     | Found a gate to the Vaults.
 28044 | Vaults:1 | Entered Level 1 of the Vaults
 28291 | D:14     | Received a gift from Okawaru
 28451 | D:14     | Noticed Azrael
 28456 | D:14     | Killed Azrael
 28509 | D:14     | Noticed Josephine
 28522 | D:14     | Killed Josephine
 28942 | D:14     | Found a runed translucent door.
 28943 | D:14     | Found a shimmering altar of Xom.
 28943 | D:14     | Noticed Ytheofip's ghost (journeyman FoFi)
 28963 | D:14     | Killed Ytheofip's ghost
 29078 | D:15     | Entered Level 15 of the Dungeon
 29078 | D:15     | Noticed Roxanne
 29091 | D:15     | Killed Roxanne
 29091 | D:15     | Received a gift from Okawaru
 29245 | D:15     | Found a blossoming altar of Fedhas.
 29402 | D:15     | Noticed Nessos
 29417 | D:15     | Killed Nessos
 29698 | D:15     | Reached XP level 18. HP: 124/124 MP: 23/23
 29753 | D:15     | Received a gift from Okawaru
 29774 | D:15     | Found a staircase to the Depths.
 29792 | D:15     | Reached skill level 15 in Armour
 29845 | D:15     | Identified the +10 rapier of the Terrible God {antimagic,
                  | +Blink}
 29907 | D:15     | Found a glowing silver altar of Zin.
 29924 | D:15     | Found a glowing golden altar of the Shining One.
 29926 | D:15     | Found a white marble altar of Elyvilon.
 29949 | D:15     | Found Junol's Book Shop.
 30348 | Elf:1    | Entered Level 1 of the Elven Halls
 30569 | Elf:1    | Paralysed by an air elemental for 1 turns
 30783 | Elf:1    | Received a gift from Okawaru
 30858 | Elf:1    | Identified the +2 orcbow of the Living Dead {antimagic, rF-
                  | Will+++ Str+2 Dex-4}
 31181 | Elf:1    | Found a runed translucent gate.
 31181 | Elf:1    | Found a runed translucent gate.
 31181 | Elf:1    | Found an opulent altar of Gozag.
 31182 | Elf:1    | Found a runed translucent gate.
 31183 | Elf:1    | Noticed Weskiaklu's ghost (adept MiFi)
 31184 | Elf:1    | Found Icler's Assorted Antiques.
 31636 | Elf:1    | Killed Weskiaklu's ghost
 31878 | Elf:1    | Bought a scroll labelled NICUH NIUCHOA for 30 gold pieces
 31878 | Elf:1    | Bought a sedimented white potion for 27 gold pieces
 32029 | Elf:2    | Received a gift from Okawaru
 32183 | Elf:2    | Found a crumbling gateway.
 32238 | Desolati | Entered the Desolation of Salt
 32513 | Desolati | Got the Vademecum on the Tropical Barrage
 32516 | Desolati | Got the Quarto of the Lobster
 32588 | Desolati | Received a gift from Okawaru
 32644 | Desolati | Reached XP level 19. HP: 103/129 MP: 24/24
 32674 | Desolati | Got Ukluer's Atlas of Hyperborean Bewitchment
 32761 | Desolati | Identified the +6 broad axe of Unreason {pain, rPois rC+
                  | rCorr Dex-4}
 32860 | Desolati | Identified the +7 whip of Iconoclasm {venom, rElec rF-
                  | Str+3 Stlth+}
 33283 | Desolati | Received a gift from Okawaru
 33285 | Desolati | Identified the ring "Uliqeud" {Fly rElec rPois rC++ rN+}
 33401 | Desolati | Identified the +1 arbalest of the Vanishing Xeniums {penet,
                  | rN++}
 33405 | Desolati | Found the +8 pair of quick blades "Gyre" and "Gimble"
                  | {protect}
 33851 | Elf:2    | Found a runed translucent gate.
 33851 | Elf:2    | Found a runed translucent gate.
 33851 | Elf:2    | Found a runed translucent gate.
 33933 | Elf:2    | Found Nustrirphi's Armour Boutique.
 34680 | Elf:3    | Entered Level 3 of the Elven Halls
 34783 | Elf:3    | Found Ygeigip's Distillery.
 34794 | Elf:3    | Found Hezoqa's Antique Weapon Shoppe.
 35202 | Elf:3    | Received a gift from Okawaru
 35716 | Abyss:2  | Cast into level 2 of the Abyss (a deep elf demonologist)
 36105 | Abyss:2  | Reached skill level 5 in Dodging
 36140 | Abyss:2  | Gained mutation: You occasionally lose the ability to drink
                  | potions when taking damage. [a neqoxec]
 36142 | Abyss:2  | Gained mutation: You are clumsy. (Dex -2) [a neqoxec]
 36205 | Abyss:2  | Reached XP level 20. HP: 90/137 MP: 25/25
 36320 | Elf:3    | Escaped the Abyss
 36321 | Elf:3    | Noticed a Tzitzimitl
 36371 | Elf:3    | Received a gift from Okawaru
 36739 | Abyss:4  | Cast into level 4 of the Abyss (a deep elf sorcerer)
 37043 | Elf:3    | Escaped the Abyss
 37047 | Elf:3    | Identified the ring of the Ten Brambles {rPois EV+5 Slay+2}
 37105 | Elf:3    | Received a gift from Okawaru
 37137 | Elf:3    | Identified the staff of Guile {rElec rPois rN++ Will- Tloc
                  | Air}
 37318 | Elf:3    | Identified the +2 battleaxe of Action {drain, Int+2}
 37318 | Elf:3    | Identified the ring "Tusiseg" {rF+ MP+9 Str+2 Dex+4}
 37348 | Elf:3    | Identified the +1 dagger of the Swamp {flame, *Slow rElec
                  | rN+}
 37407 | Elf:3    | Noticed a Brimstone Fiend
 38028 | Vaults:1 | Paralysed by a sphinx for 3 turns
 38528 | Vaults:1 | Received a gift from Okawaru
 38969 | Vaults:1 | Found Ipoos's Distillery.
 39176 | Vaults:2 | Noticed a bone dragon
 39179 | Vaults:2 | Found a staircase to the Crypt.
 39193 | Vaults:2 | Killed a bone dragon
 39212 | Vaults:2 | Noticed Mennas
 39314 | Vaults:2 | HP: 6/142 [ogre mage/+0 whip (10)]
 39314 | Vaults:2 | Annihilated by a vault warden

Illustrated notes

Levels and vault maps discovered:
D:1:      dpeg_arrival_stone_temple_mockup, layout_basic
D:2:      layout_loops_cross, grunt_decor_mini_mirrors, nrook_mini_vaults,
          uniq_terence, uniq_jessica, uniq_robin
D:3:      layout_rooms, okawaru_altar_gauntlet_db, tso_metal_star
D:4:      layout_rooms, nicolae_gozag_seed_capital, minmay_splitting_lines,
          minivault_25, moated_statue
D:5:      layout_loops_ring, temple_doors_e
D:6:      layout_cave_pods, grunt_dithmenos_shadows,
          nicolae_overflow_crystal_walls, st_stairs_7,
          kennysheep_generic_room_9, uniq_menkaure
D:7:      layout_cave_pods, uniq_maggie
D:8:      layout_cave_pods, lemuel_coloured_pillars_altar, erik_lair_island
D:9:      layout_loops_ring, kennysheep_mini, serial_aquarium,
          aquarium_bridge_square [aquarium_subvault_bridge,
          aquarium_subvault_bridge, aquarium_subvault_wall,
          aquarium_subvault_balcony], aquarium_bridge_straight
          [aquarium_subvault_bridge, aquarium_subvault_balcony,
          aquarium_subvault_bridge, aquarium_subvault_window],
          aquarium_window_1, aquarium_window_corridor_1, aquarium_view_2c,
          aquarium_view_2c, aquarium_balcony_3b, dreamdust_princess_bridge,
          st_stairs_2, uniq_harold
D:10:     layout_basic, mainiacjoe_overflow_alcove_1, minivault_16, uniq_erica
D:11:     layout_long_grid, serial_undead, serial_undead_e, serial_undead_b,
          serial_undead_c, serial_undead_d, serial_undead_d, serial_undead_a,
          serial_undead_e, serial_undead_f, serial_undead_a, serial_undead_e,
          fountainhead, minmay_statues_item
D:12:     layout_gridville, orc_david_3, serial_demonic, serial_demonic_g,
          serial_demonic_a, serial_demonic_b, serial_demonic_f, minivault_8,
          uniq_kirke, uniq_lodul
D:13:     layout_cave_pods, hellmonk_vaults_order_and_chaos,
          gauntlet_entry_generic, kennysheep_crisscross,
          kennysheep_big_empty_room
D:14:     layout_loops_ring, minmay_misc_feat_enclosed, ebering_ghost_xom,
          uniq_josephine, uniq_azrael
D:15:     gammafunk_depths_entry_grave, layout_stronghold, serial_shops,
          nicolae_shop_rolling_square, good_gods_mini_temple, fedhas_altar_3,
          uniq_roxanne, uniq_nessos
Temple:   nicolae_temple_superstar
Lair:1:   layout_regular_city, basic_altar, grunt_megastairs_2,
          infiniplex_staircase_pool, uniq_jeremiah, uniq_grum
Lair:2:   layout_small_grid, nicolae_shoals_entry_roost, grunt_megastairs_1
Lair:3:   layout_cave_pods, nicolae_spider_entry_lesser_pyramids,
          nicolae_lair_grazing_beasts [nicolae_sub_lair_graze_edge,
          nicolae_sub_lair_graze_edge, nicolae_sub_lair_graze_edge,
          nicolae_sub_lair_graze_edge], grunt_megastairs_3
Lair:4:   layout_long_grid, basic_altar
Lair:5:   evilmike_catoblepas_cave, layout_layer_cave, slime_entry_1, pond,
          infiniplex_staircase_pool_2
Shoals:1: layout_shoals
Shoals:2: layout_shoals, serial_shops, shop
Shoals:3: layout_shoals, nicolae_splish_splash, uniq_jorgrun, uniq_ilsuiw
Shoals:4: shoals_end_grunt_ice, layout_shoals, shoals_ilsuiw_ice
Orc:1:    layout_caves, nicolae_orc_pool_cavern, nicolae_orc_seminary
Orc:2:    grunt_orc_gardens, layout_caves, grunt_orc_garden, grunt_orc_garden,
          grunt_orc_garden, grunt_orc_garden, serial_shops,
          nicolae_shop_rolling_square
Elf:1:    minmay_elf_arrival_plus, layout_geoelf_octagon, ebering_ghost_gozag,
          kennysheep_underground_church
Elf:2:    elven_hall_of_blades_hangedman_original [nicolae_blade_bullseye],
          layout_geoelf_grid, serial_shops, shop,
          portal_desolation_entry_nicolae_nacl
Elf:3:    minmay_elf_hall_dome, layout_geoelf_castle, minmay_shop_star
Vaults:1: v_misc_29, nicolae_vaults_closet_pinwheel_1, vaults_room_fancy_cross,
          nicolae_vaults_trapezoid_lopsided_1,
          nicolae_vaults_security_offices_1, nicolae_vaults_trapezoid_2,
          hangedman_vaults_nails, ontoclasm_vaults_tryst,
          nicolae_vaults_apartment_1, nicolae_vaults_tetromino_T_2,
          nicolae_vaults_little_squares_6, vaults_dpeg_encased_lava,
          layout_vaults_chaotic_city, serial_shops, shop
Vaults:2: nicolae_vaults_ninety_degrees, ontoclasm_vaults_gallery,
          hangedman_vaults_restitches, hangedman_vaults_capsules,
          nicolae_vaults_border_crossing, layout_vaults_omnigrid,
          minmay_crypt_entry_nasty_monster, uniq_mennas

Skill      XL: |  1  2  3  4  5  6  7  8  9 10 11 12 13 14 15 16 17 18 19 20 |
---------------+-------------------------------------------------------------+-----
Maces & Flails | 3 4 5 6 7 8 10 12 14 15 16 17 18 19 20 | 20.0
Invocations    | 2 3 4 6 7 |  7.5
Fighting       | 4 7 11 13 14 15 17 19 20 | 20.0
Armour         | 5 7 8 11 13 14 15 17 19 | 19.5
Shields        | 6 11 14 17 | 17.3
Dodging        | 1 5 8 |  8.2

Action                     |  1- 3 |  4- 6 |  7- 9 | 10-12 | 13-15 | 16-18 | 19-21 || total
---------------------------+-------+-------+-------+-------+-------+-------+-------++-------
  Melee: Flail             |    87 |    58 |   371 |   615 |       |       |       ||  1131
         Whip              |     9 |   156 |       |       |       |       |       ||   165
         Eveningstar       |       |       |       |    64 |  1204 |   689 |   355 ||  2312
         Morningstar       |       |       |       |       |       |   966 |   740 ||  1706
         Unarmed           |       |       |       |       |       |    12 |       ||    12
  Throw: Boomerang         |       |    20 |    12 |     8 |       |       |       ||    40
         Dart              |       |       |       |    12 |       |       |       ||    12
         Javelin           |       |       |       |     4 |     6 |     3 |    19 ||    32
 Invoke: Heroism           |       |       |     1 |     3 |     4 |    11 |     8 ||    27
         Finesse           |       |       |       |     2 |     3 |     9 |     8 ||    22
         Receive Weapon    |       |       |       |     1 |       |       |       ||     1
         Receive Armour    |       |       |       |     1 |       |       |       ||     1
         Duel              |       |       |       |       |     1 |       |       ||     1
    Use: Scroll            |       |       |       |     9 |    11 |    11 |     6 ||    37
         Potion            |       |       |       |       |     2 |     1 |    21 ||    24
 Armour: Scale mail        |    65 |    96 |    24 |       |       |       |       ||   185
         Chain mail        |       |       |   100 |    23 |   449 |       |       ||   572
         Ring mail         |       |       |    77 |   528 |       |       |       ||   605
         Plate armour      |       |       |       |       |   380 |   669 |   482 ||  1531
         Skin              |       |       |       |       |       |     7 |     8 ||    15
  Dodge: Dodged            |    50 |    66 |   102 |   232 |   378 |   229 |   186 ||  1243
  Block: Buckler           |    18 |    83 |   124 |   272 |   554 |       |       ||  1051
         Reflection        |       |    10 |     2 |     4 |    66 |   100 |    80 ||   262
         Tower shield      |       |       |       |       |   281 |  2008 |  1167 ||  3456
         Other             |       |       |       |       |       |     2 |       ||     2
